 Dungeon Crawl Stone Soup version 0.28.0 (webtiles) character file.

Game seed: 5748796955215848266

4531 mkm the Arsonist (level 10, 0/56 HPs)
             Began as a Gargoyle Fire Elementalist on Feb 10, 2022.
             Was a Follower of Vehumet.
             Slain by an eight-headed hydra (6 damage)
             ... on level 8 of the Dungeon.
             The game lasted 00:51:02 (11963 turns).

mkm the Arsonist (Gargoyle Fire Elementalist)      Turns: 11963, Time: 00:51:04

Health: 0/56       AC: 14    Str: 16    XL:     10   Next: 39%
Magic:  18/21      EV: 13    Int: 24    God:    Vehumet [*.....]
Gold:   395        SH:  0    Dex: 14    Spells: 12/24 levels left

rFire   + . .      SeeInvis .   m - staff of fire
rCold   + . .      Faith    .   (no shield)
rNeg    + . .      Spirit   .   p - +4 robe of Augmentation {Str+4 Int+4 Dex+4}
rPois   ∞          Reflect  .   (no helmet)
rElec   +          Harm     .   (no cloak)
rCorr   .          Rampage  .   (no gloves)
Will    .....                   k - +0 pair of boots
Stlth   ++........              h - amulet of regeneration
HPRegen 0.98/turn               d - ring of protection from cold
MPRegen 0.17/turn               (no ring)

@: no status effects
A: sickness immunity, AC +7, negative energy resistance 1, electricity
resistance, torment resistance 1, petrification resistance
a: Renounce Religion


You were on level 8 of the Dungeon.
You worshipped Vehumet.
Vehumet was aware of your devotion.
You visited 2 branches of the dungeon, and saw 9 of its levels.

You collected 395 gold pieces.

Inventory:

Hand Weapons
 j - a +2 whip of flaming
Armour
 i - an orb of energy
 k - a +0 pair of boots (worn)
 p - the +4 robe of Augmentation (worn) {Str+4 Int+4 Dex+4}
   (You found it on level 4 of the Dungeon)

   Str:       It affects your strength (+4).
   Int:       It affects your intelligence (+4).
   Dex:       It affects your dexterity (+4).
 q - +0 steam dragon scales
Magical Staves
 m - a staff of fire (weapon)
Jewellery
 c - a ring of ice
 d - a ring of protection from cold (left hand)
 h - an amulet of regeneration (around neck)
 n - a ring of flight
Wands
 r - a wand of charming (10)
Scrolls
 e - a scroll of silence {unknown}
 f - a scroll of holy word
 g - a scroll of noise
 l - a scroll of enchant weapon
 u - a scroll of magic mapping {unknown}
 v - a scroll of amnesia {unknown}
 w - a scroll of fog {unknown}
Potions
 a - a potion of resistance
 b - 2 potions of flight {unknown}
 o - 2 potions of might
 s - a potion of degeneration {unknown}
 t - a potion of mutation {unknown}


   Skills:
 + Level 3.7 Fighting
 + Level 3.3 Maces & Flails
 + Level 3.8 Armour
 + Level 3.3 Dodging
 - Level 2.1 Stealth
 + Level 7.5 Spellcasting
 + Level 7.2 Conjurations
 + Level 8.5 Fire Magic


You had 12 spell levels left.
You knew the following spells:

 Your Spells              Type           Power      Damage    Failure   Level
a - Foxfire               Conj/Fire      100%       2x1d9     1%          1
b - Scorch                Fire           100%       2d10      1%          2
c - Flame Wave            Conj/Fire      63%        2d12      2%          4
d - Fireball              Conj/Fire      31%        3d13      8%          5

Your spell library contained the following spells:

 Spells                   Type           Power      Damage    Failure   Level
 Magic Dart               Conj           100%       1d8       1%          1
 Conjure Flame            Conj/Fire      63%        6-21      1%          3
 Inner Flame              Hex/Fire       44%        N/A       3%          3
 Freeze                   Ice            36%        1d6       7%          1
 Sting                    Tmut/Pois      36%        1d4       7%          1
 Iskenderun's Battlesphe  Conj           43%        2d9       10%         5
 Poisonous Vapours        Pois/Air       18%        N/A       11%         2
 Hailstorm                Conj/Ice       26%        3d7       16%         4
 Frozen Ramparts          Ice            18%        1d3       21%         3
 Gell's Gravitas          Tloc           9%         N/A       21%         3
 Lesser Beckoning         Tloc           9%         N/A       21%         3
 Teleport Other           Tloc           9%         N/A       21%         3
 Lightning Bolt           Conj/Air       13%        1d26      41%         5
 Airstrike                Air            4%         N/A       56%         4
 Olgreb's Toxic Radiance  Pois           9%         N/A       56%         4
 Passage of Golubria      Tloc           9%         N/A       56%         4
 Summon Lightning Spire   Summ/Air       9%         N/A       56%         4
 Silence                  Hex/Air        4%         N/A       88%         5
 Conjure Ball Lightning   Conj/Air       13%        3x3d6     94%         6
 Orb of Destruction       Conj           21%        9d8       96%         7
 Lehudib's Crystal Spear  Conj/Erth      13%        10d4      100%        8


Dungeon Overview and Level Annotations

Branches:
Dungeon (8/15)             Temple (1/1) D:6
   Lair: D:8-11

Altars:
Ashenzari
Cheibriados
Dithmenos
Elyvilon
Fedhas
Gozag
Hepliaklqana
Kikubaaqudgha
Makhleb
Nemelex Xobeh
Okawaru
Ru
Sif Muna
Trog
Uskayaw
Vehumet
Wu Jian
Xom
Yredelemnul
Zin

Shops:
D:2 !

Annotations:
D:4 1 runed translucent door, Crazy Yiuf


Innate Abilities, Weirdness & Mutations

You are immune to sickness and miasma.
Your stone body is resilient. (AC +7)
You are immune to poison.
You resist negative energy. (rN+)
You are resistant to electric shocks. (rElec)
You are resistant to unholy torment.
You are immune to petrification.


Message History

Casting: Scorch (safe; 1% risk of failure)
Confirm with . or Enter, or press ? or * to list all spells.
The spell is quite dangerous to miscast (8% risk of failure)!
Continue anyway?
Aiming: Fireball (quite dangerous; 8% risk of failure)
Press: ? - help, Shift-Dir - straight line You feel a surge of power!
The fireball explodes!
The fireball engulfs the orc warrior!
You kill the orc warrior!
Vehumet accepts your kill.
You start resting.
Magic restored.
You start waiting.
Done waiting.
Found a stone staircase leading down.
Found 15 gold pieces.
Found an escape hatch in the floor.
There is an escape hatch in the floor here.
You now have 395 gold pieces (gained 15).
The eight-headed hydra bites you but does no damage. x4
The eight-headed hydra bites you.
The eight-headed hydra barely misses you.
The eight-headed hydra bites you!
The eight-headed hydra bites you but does no damage.
Casting: Fireball (quite dangerous; 8% risk of failure)
Confirm with . or Enter, or press ? or * to list all spells.
You feel a surge of power!
Flames lash the eight-headed hydra.
The eight-headed hydra is moderately wounded.
The eight-headed hydra's fire resistance burns away.
The eight-headed hydra misses you.
The eight-headed hydra closely misses you.
The eight-headed hydra bites you but does no damage. x2
The eight-headed hydra bites you! The eight-headed hydra bites you. x2
The eight-headed hydra bites you but does no damage.
You feel a surge of power!
You conjure some foxfire!
The eight-headed hydra bites you! x2; The eight-headed hydra bites you.
The eight-headed hydra bites you!
* * * LOW HITPOINT WARNING * * *
The eight-headed hydra misses you.
The eight-headed hydra bites you but does no damage. x2
The eight-headed hydra bites you.
You die...

###.#####>....
.......##.#.#......#
.......##.#.#......#
.......##.# #......#
.......##.# #......#
.......# #......#
.......# ####......#
##### ........
...'....v.# #...
########
#.#...@D.########.#####
........v...............
########...#############
♣...........♣♣ .♣ # #
♣.###########.♣♣♣.♣ # #.
+....♣ # .♣♣♣ #.♣♣♣.♣ #
... ..♣♣ .♣ # #.# #####
### # #


You could see an eight-headed hydra (combustible, ally target).

Vanquished Creatures
  Maggie (D:6)
  A troll (D:7)
  A hornet (D:7)
  3 wyverns
  A steam dragon (D:7)
  Edmund (D:6)
  A water moccasin (D:6)
  3 orc warriors
  3 ice beasts
  2 sky beasts (D:8)
  A black bear (D:8)
  2 centaurs (D:6)
  4 ogres
  A wyvern zombie (D:8)
  A gnoll sergeant (D:8)
  A bullfrog (D:7)
  3 scorpions
  A wyvern skeleton (D:7)
  7 wights
  A howler monkey (D:8)
  2 bullfrog zombies
  2 centaur zombies
  3 jellies
  A centaur skeleton (D:6)
  4 hounds
  A bullfrog skeleton (D:4)
  Terence (D:2)
  An iguana (D:5)
  7 orc wizards
  2 killer bee zombies
  A mummy (D:6)
  A howler monkey zombie (D:8)
  9 gnolls
  7 adders
  A white imp (D:5)
  2 worms (D:2)
  7 dart slugs
  23 orcs
  2 bats
  5 endoplasms
  3 giant cockroaches
  6 goblins
  5 hobgoblins
  13 jackals
  4 kobolds
  5 quokkas
  5 ball pythons
  2 frilled lizards
  A quokka skeleton (D:4)
  3 rats (D:2)
168 creatures vanquished.

Vanquished Creatures (others)
  470 foxfires
470 creatures vanquished.

Grand Total: 638 creatures vanquished

Notes
Turn   | Place    | Note
-------+----------+-------------------------------------------
     0 | D:1      | mkm the Gargoyle Fire Elementalist began the quest for the
                  | Orb.
     0 | D:1      | Reached XP level 1. HP: 10/10 MP: 3/3
   245 | D:1      | Reached XP level 2. HP: 15/15 MP: 0/5
  1116 | D:1      | Reached XP level 3. HP: 19/19 MP: 4/6
  1736 | D:2      | Learned a level 2 spell: Scorch
  1873 | D:2      | Noticed Terence
  2381 | D:2      | Reached skill level 4 in Fire Magic
  2381 | D:2      | Reached XP level 4. HP: 24/24 MP: 4/8
  2403 | D:2      | Found Ezeim's Distillery.
  2943 | D:2      | Reached XP level 5. HP: 28/28 MP: 7/10
  3142 | D:2      | Killed Terence
  4016 | D:3      | Found a faded altar of an unknown god.
  4200 | D:4      | Reached skill level 5 in Fire Magic
  4237 | D:4      | Reached XP level 6. HP: 31/32 MP: 6/12
  4639 | D:4      | Found the +4 robe of Augmentation {Str+4 Int+4 Dex+4}
  4750 | D:4      | Found a runed translucent door.
  4751 | D:4      | Noticed Crazy Yiuf
  5087 | D:5      | Entered Level 5 of the Dungeon
  5385 | D:5      | Reached XP level 7. HP: 36/36 MP: 6/14
  5560 | D:5      | Reached skill level 5 in Spellcasting
  5667 | D:5      | Reached skill level 6 in Fire Magic
  6131 | D:6      | Reached XP level 8. HP: 41/41 MP: 4/16
  6261 | D:6      | Noticed Maggie
  6504 | D:6      | Found a staircase to the Ecumenical Temple.
  6512 | Temple   | Entered the Ecumenical Temple
  6664 | Temple   | Became a worshipper of Vehumet
  7261 | D:6      | Noticed Edmund
  7278 | D:6      | Killed Edmund
  7442 | D:6      | Reached skill level 5 in Conjurations
  7516 | D:6      | Reached skill level 7 in Fire Magic
  7770 | D:6      | Learned a level 4 spell: Flame Wave
  7874 | D:6      | Killed Maggie
  7875 | D:6      | Reached XP level 9. HP: 45/45 MP: 5/18
  8530 | D:7      | Reached skill level 1 in Fighting
  8676 | D:7      | Reached skill level 1 in Maces & Flails
  8676 | D:7      | Reached skill level 1 in Armour
  8678 | D:7      | Noticed a hornet
  8680 | D:7      | Noticed a troll
  8684 | D:7      | Killed a hornet
  9075 | D:7      | Killed a troll
  9076 | D:7      | Reached skill level 8 in Fire Magic
  9137 | D:7      | Reached * piety under Vehumet
  9137 | D:7      | Offered knowledge of Magic Dart by Vehumet.
  9292 | D:7      | Found the +18 Lear's hauberk
 10393 | D:8      | Reached XP level 10. HP: 37/56 MP: 7/20
 10597 | D:8      | Noticed an eight-headed hydra
 10597 | D:8      | Noticed a manticore
 11131 | D:8      | Learned a level 5 spell: Fireball
 11963 | D:8      | Slain by an eight-headed hydra

Illustrated notes

Levels and vault maps discovered:
D:1:      dpeg_arrival_shelter, layout_loops_ring
D:2:      layout_basic, serial_shops, shop, uniq_terence
D:3:      layout_basic, hellmonk_ecumenical_altar_run_dry
D:4:      layout_loops_ring, uniq_crazy_yiuf_cottage
D:5:      layout_loops_ring
D:6:      layout_basic, temple_statues, gup_ossuary_entry_pyramid,
          chequers_hall_statues_y, uniq_edmund, uniq_maggie
D:7:      layout_layer_cave, hellmonk_guarded_unrand_lears
D:8:      nzn_winding_woodlands_medium [nzn_winding_woodlands_5x5_three,
          nzn_winding_woodlands_5x15_longhouse,
          nzn_winding_woodlands_5x5_checkerboard,
          nzn_winding_woodlands_5x5_default, nzn_winding_woodlands_center_lodge,
          nzn_winding_woodlands_5x5_cross, nzn_winding_woodlands_hourglass,
          nzn_winding_woodlands_5x15_twine, nzn_winding_woodlands_5x5_default],
          layout_basic
Temple:   mainiacjoe_temple_big_plus

Skill      XL: |  1  2  3  4  5  6  7  8  9 10 |
---------------+-------------------------------+-----
Spellcasting   | 3 4 5 6 7 |  7.5
Fire Magic     | 4 5 6 7 8 |  8.5
Conjurations   | 2 4 5 6 7 |  7.2
Fighting       | 3 |  3.7
Maces & Flails | 2 3 |  3.3
Armour         | 3 |  3.8
Dodging        | 2 3 |  3.3
Stealth        | |  2.1

Action                   |  1- 3 |  4- 6 |  7- 9 | 10-12 || total
-------------------------+-------+-------+-------+-------++-------
Melee: Unarmed           |     4 |       |       |       ||     4
       Dagger            |    10 |       |       |       ||    10
       Whip              |     3 |     4 |       |       ||     7
       Staff             |       |     5 |     1 |    16 ||    22
 Cast: Foxfire           |    70 |    78 |    80 |    41 ||   269
       Scorch            |       |    19 |    67 |    47 ||   133
       Fireball          |       |       |       |     1 ||     1
  Use: Scroll            |     2 |       |     4 |     3 ||     9
Armor: Robe              |    31 |    30 |    46 |    48 ||   155
Dodge: Dodged            |    41 |    41 |    56 |    52 ||   190
